 Dungeon Crawl Stone Soup version 0.30-b1-2-g02819fbbbe (console) character file.

Game seed: 13817882079278271745

79 T3DPool the Chopper (level 4, 0/40 HPs)
             Began as a Hill Orc Fighter on Nov 14, 2023.
             Slain by a gnoll
             ... wielding a +0 spear
              (3 damage)
             ... on level 3 of the Dungeon.
             The game lasted 00:06:45 (1775 turns).

T3DPool the Chopper (Hill Orc Fighter)              Turns: 1775, Time: 00:06:45

Health: 0/40       AC:  7    Str: 20    XL:     4   Next: 38%
Magic:  4/4        EV:  9    Int:  8    God:
Gold:   122        SH:  4    Dex: 10    Spells: 3/3 levels left

rFire   . . .        a - +0 war axe
rCold   . . .        c - +0 buckler
rNeg    . . .        b - +0 scale mail
rPois   .            (no helmet)
rElec   .            (no cloak)
rCorr   .            (no gloves)
SInv    .            (no boots)
Will    .....        (no amulet) Stlth
                     (no ring)
HPRegen 0.26/turn    (no ring)
MPRegen 0.09/turn

%: no passive effects
@: no status effects
A: no striking features
a: no special abilities


You were on level 3 of the Dungeon.
You visited 1 branch of the dungeon, and saw 3 of its levels.

You collected 122 gold pieces.

Inventory:

Hand Weapons
 a - a +0 war axe (weapon)
 f - a +1 dagger of venom
 m - a +0 dagger
Armour
 b - a +0 scale mail (worn)
 c - a +0 buckler (worn)
 l - a +0 pair of gloves
Jewellery
 t - a ring of wizardry
Scrolls
 e - a scroll of summoning {unknown}
 i - a scroll of vulnerability {unknown}
 j - 5 scrolls of identify {unknown}
 n - a scroll of silence {unknown}
 p - a scroll of fear {unknown}
 r - a scroll of enchant weapon {unknown}
 s - a scroll of immolation {unknown}
Potions
 d - a potion of might
 g - 4 potions of curing {unknown}
 h - a potion of lignification {unknown}
 k - a potion of brilliance {unknown}
 o - a potion of flight {unknown}
 q - 3 potions of attraction {unknown}
 u - a potion of magic {unknown}


   Skills:
 + Level 4.2 Fighting
 + Level 4.4 Axes
 + Level 3.8 Armour
 + Level 0.1 Dodging
 + Level 3.7 Shields


You had 3 spell levels left.
You didn't know any spells.
Your spell library contained the following spells:

 Spells                   Type           Power      Damage    Failure   Level
 Sandblast                Erth           0%         2d4       83%         1
 Passwall                 Tmut/Erth      0%         N/A       92%         2
 Stone Arrow              Conj/Erth      0%         3d7       99%         3


Dungeon Overview and Level Annotations

Branches:
Dungeon (3/15)

Altars:
Uskayaw
Xom


Message History

You hit the gnoll but do no damage. The gnoll closely misses you. x2
You hit the gnoll.
The gnoll is lightly wounded.
The gnoll completely misses you.
You barely miss the gnoll. You block the gnoll's attack.
You barely miss the gnoll.
The gnoll hits you from afar with a +0 spear.
The gnoll drinks a potion.
The gnoll seems to grow stronger.
You block the gnoll's attack.
Found 8 gold pieces and a book of Displacement.
The gnoll barely misses you. The gnoll hits you with a +0 flail!
The gnoll misses you.
The gnoll hits you with a +0 quarterstaff.
You see here a rat corpse.
You closely miss the gnoll.
The gnoll is lightly wounded.
You closely miss the gnoll. You slash the gnoll!
The gnoll hits you from afar with a +0 spear.
You block the gnoll's attack. The gnoll hits you with a +0 spear.
* * * LOW HITPOINT WARNING * * *
The gnoll barely misses you.
You slash the gnoll!
The gnoll is severely wounded.
You barely miss the gnoll. You hit the gnoll.
The gnoll hits you from afar with a +0 spear.
* * * LOW HITPOINT WARNING * * *
You block the gnoll's attack. The gnoll hits you but does no damage.
The gnoll barely misses you.
You slash the gnoll!
You kill the gnoll!
You closely miss the gnoll. You hit the gnoll. You block the gnoll's attack.
The gnoll misses you. The gnoll closely misses you.
The gnoll hits you with a +0 flail.
* * * LOW HITPOINT WARNING * * *
The gnoll barely misses you. You block the gnoll's attack.
You hit the gnoll.
The gnoll is almost dead.
You completely miss the gnoll. The gnoll hits you but does no damage.
You block the gnoll's attack. The gnoll barely misses you.
You slash the gnoll!
You kill the gnoll!
You hit the gnoll. You block the gnoll's attack. The gnoll closely misses you.
The gnoll hits you from afar with a +0 spear.
You die...

## .# .#### ....
....+ ....# #......#
.#### .... .##......#
#########.###
........#
.............
.......# ..........#
#.>.... ..........#
#....
..........#######.###
..........#.....@...#
.....###.....####†#.#
..8..._...8..#
#)g.....$
......).....##
#g.......
..8.......8.#
#.........
............#
#'#.######
..8.......8.. .....
..........#. ...... .
...########.. ...:...
# #


You could see 2 gnolls.

Vanquished Creatures
  2 gnolls (D:3)
  An adder (D:2)
  A worm (D:2)
  3 bats
  8 endoplasms
  3 giant cockroaches (D:1)
  4 goblins
  6 hobgoblins
  5 kobolds
  A quokka (D:3)
  3 ball pythons (D:1)
  2 frilled lizards (D:1)
  7 rats
46 creatures vanquished.

Notes
Turn   | Place    | Note
-------+----------+-------------------------------------------
     0 | D:1      | T3DPool the Hill Orc Fighter began the quest for the Orb.
     0 | D:1      | Reached XP level 1. HP: 19/19 MP: 1/1
    66 | D:1      | Found a faded altar of an unknown god.
    89 | D:1      | Reached XP level 2. HP: 27/27 MP: 2/2
   481 | D:1      | Reached XP level 3. HP: 28/33 MP: 3/3
   887 | D:2      | Identified the +8 short sword of Ambiguity {freeze, rPois
                  | rN+ Str+4}
  1277 | D:2      | Found a shimmering altar of Xom.
  1725 | D:3      | Found a hide-covered altar of Uskayaw.
  1733 | D:3      | Reached XP level 4. HP: 40/40 MP: 4/4
  1772 | D:3      | HP: 2/40 [gnoll/+0 flail (5)]
  1775 | D:3      | Slain by a gnoll

Illustrated notes

Levels and vault maps discovered:
D:1:      minmay_arrival_solitary_statue, layout_loops_ring,
          shapermc_ecumenical_altar_venn
D:2:      layout_loops_ring, basic_altar
D:3:      layout_basic, eat_drink_and_be_merry_uskayaw, uniq_robin

Skill      XL: |  1  2  3 |
---------------+----------+-----
Axes           | 3 4 |  4.4
Fighting       | 4 |  4.2
Armour         | |  3.8
Dodging        | |  0.1
Shields        | |  3.7

Action                     |  1- 3 |  4- 6 || total
---------------------------+-------+-------++-------
  Melee: War axe           |   109 |    16 ||   125
 Armour: Scale mail        |    64 |     9 ||    73
  Dodge: Dodged            |    51 |    17 ||    68
  Block: Buckler           |    22 |     9 ||    31
